 Dungeon Crawl Stone Soup version 0.20.1-1-g8b1a95d (webtiles) character file.

380 Mesmaeker13 the Charmwright (level 6, -1/48 HPs)
             Began as a Draconian Skald on Aug 26, 2017.
             Was an Initiate of Gozag.
             Succumbed to a killer bee's poison
             ... on level 4 of the Dungeon.
             The game lasted 00:11:04 (6847 turns).

Mesmaeker13 the Charmwright (Draconian Skald)       Turns: 6847, Time: 00:11:05

Health: -1/48      AC:  8    Str: 13    XL:     6   Next: 46%
Magic:  11/18      EV: 13    Int: 16    God:    Gozag
Gold:   156        SH:  0    Dex: 10    Spells: 1/9 levels left

rFire    . . .     SeeInvis .   l - +0 flail
rCold    . . .     Gourm    .   (no shield)
rNeg     . . .     Faith    .   (armour unavailable)
rPois    .         Spirit   .   (helmet restricted)
rElec    .         Reflect  .   (no cloak)
rCorr    .         Harm     .   k - +0 pair of gloves
MR       .....                  a - +0 pair of boots
Stlth    ++........             (no amulet)
Regen    0.2/turn               m - ring of stealth
MPRegen  0.2/turn               j - ring of magical power

@: lethally poisoned (-1 -> -17), infused (expiring)
A: unfitting armour, cold-blooded, AC +6
a: Potion Petition, Call Merchant, Bribe Branch, Renounce Religion


You were on level 4 of the Dungeon.
You worshipped Gozag.
Gozag was aware of your devotion.
You were hungry.

You visited 2 branches of the dungeon, and saw 5 of its levels.

You collected 288 gold pieces.
You paid 132 gold pieces to Gozag.

Inventory:

Hand Weapons
 l - a +0 flail (weapon)
Armour
 a - a +0 pair of boots (worn)
 k - a +0 pair of gloves (worn)
Jewellery
 g - an uncursed ring of see invisible
 j - a ring of magical power (right hand)
 m - a ring of stealth (left hand)
Scrolls
 h - a scroll of enchant weapon
 n - a scroll of remove curse
Books
 b - a book of Battle

   Spells                             Type                      Level
   a - Infusion                       Charms                       1
   b - Shroud of Golubria             Charms/Translocation         2
   c - Song of Slaying                Charms                       2
   d - Spectral Weapon                Hexes/Charms                 3
   e - Regeneration                   Charms/Necromancy            3
 q - a book of Frost

   Spells                             Type                      Level
   a - Freeze                         Ice                          1
   b - Throw Frost                    Conjuration/Ice              2
   c - Ozocubu's Armour               Charms/Ice                   3
   d - Throw Icicle                   Conjuration/Ice              4
   e - Summon Ice Beast               Ice/Summoning                4
Comestibles
 c - 7 bread rations
 f - 2 meat rations
 i - 2 royal jellies


   Skills:
 - Level 2.1 Fighting
 + Level 4.0 Maces & Flails
 + Level 3.6 Dodging
 - Level 2.0 Spellcasting
 + Level 4.3 Charms
 + Level 2.2 Translocations


You had one spell level left.
You knew the following spells:

 Your Spells              Type           Power        Failure   Level  Hunger
a - Infusion              Chrm           ###.         3%          1    #......
b - Shroud of Golubria    Chrm/Tloc      ##........   9%          2    ###....
c - Song of Slaying       Chrm           ###.....     5%          2    ###....
d - Regeneration          Chrm/Necr      #.........   26%         3    ###....


Dungeon Overview and Level Annotations

Branches:
Dungeon (4/15)             Temple (1/1) D:4

Altars:
Cheibriados
Dithmenos
Fedhas
Gozag
Hepliaklqana
Kikubaaqudgha
Makhleb
Nemelex Xobeh
Okawaru
Qazlal
Ru
Sif Muna
Trog
Vehumet
Xom
Yredelemnul
Zin
The Shining One

Annotations:
D:3 raph's ghost, amateur DrIE


Innate Abilities, Weirdness & Mutations

Your plain brown scales are hard. (AC +6)
You cannot fit into any form of body armour.
You are cold-blooded and may be slowed by cold attacks.


Message History

The killer bee poisons you!
The jackal moves out of view.
The killer bee stings you but does no damage. x2
You miss the killer bee.
Your tail-slap misses the killer bee.
The killer bee is almost dead.
You feel sick. The killer bee closely misses you. The killer bee stings you!
* * * LOW HITPOINT WARNING * * *
You are more poisoned.
The killer bee poisons you!
You miss the killer bee.
The killer bee is almost dead.
Your magical infusion is running out.
* * * LOW HITPOINT WARNING * * *
You feel sick. The killer bee stings you.
* * * LOW HITPOINT WARNING * * *
The killer bee stings you.
* * * LOW HITPOINT WARNING * * *
You miss the killer bee.
The killer bee is almost dead.
You die...
Your body crumbles into a pile of gold.

≈≈≈≈≈≈≈≈......≈≈≈≈≈≈≈≈≈≈≈≈≈≈≈≈≈≈≈
≈≈≈≈≈≈≈≈≈....≈≈≈≈≈≈≈≈≈≈≈≈≈≈≈≈≈≈≈≈
≈≈≈≈≈≈≈≈.....≈≈≈≈≈≈≈≈≈≈≈≈≈≈≈≈≈≈≈≈
.≈.≈≈..≈.....≈≈≈≈.≈≈.≈≈≈≈≈≈≈.≈≈.≈
..............W..................
.................................
##......(.......hhh.####.#.######
#......(########y#........#.....
........(.(....(@)....>###.8.#...
...[....(.....(..................
.#####((.#############...8.>.8...
.# #...#....................###
.# #...#.############..#.8[### .#
#...#.# #....##...........#
.#####...#.# ##.#.####.....#.#.##
.......#<#.# #.#............#...
.#######.#.# #.#..####....######


You could see a killer bee and 2 jackals.

Vanquished Creatures
  A big kobold (D:4)
  2 killer bees (D:3)
  A hound (D:4)
  A jelly (D:4)
  An orc wizard (D:3)
  3 adders (D:2)
  3 worms (D:2)
  A dart slug (D:1)
  4 leopard geckos
  4 orcs (D:3)
  3 ball pythons
  11 bats
  2 giant cockroaches
  16 goblins
  8 hobgoblins
  7 jackals
  3 quokkas
  2 frilled lizards (D:2)
  9 kobolds
  13 rats
  A plant (D:4)
96 creatures vanquished.

Notes
Turn   | Place    | Note
-------+----------+-------------------------------------------
     0 | D:1      | Mesmaeker13 the Draconian Skald began the quest for the Orb.
     0 | D:1      | Reached XP level 1. HP: 17/17 MP: 3/3
   659 | D:1      | Reached XP level 2. HP: 24/24 MP: 5/5
  1678 | D:2      | Learned a level 2 spell: Shroud of Golubria
  1980 | D:2      | Reached XP level 3. HP: 29/29 MP: 6/6
  2289 | D:2      | You fall through a shaft!
  2797 | D:2      | Reached XP level 4. HP: 34/36 MP: 7/7
  2985 | D:2      | Found a hazy altar of Hepliaklqana.
  3520 | D:3      | Learned a level 2 spell: Song of Slaying
  3890 | D:3      | Found a snail-covered altar of Cheibriados.
  4014 | D:3      | Reached XP level 5. HP: 32/41 MP: 8/8
  4037 | D:3      | Noticed raph's ghost (amateur DrIE)
  4646 | D:3      | Reached skill level 1 in Translocations
  5390 | D:4      | Found a staircase to the Ecumenical Temple.
  5761 | D:4      | Learned a level 3 spell: Regeneration
  6003 | D:4      | Reached XP level 6. HP: 19/48 MP: 9/9
  6378 | Temple   | Entered the Ecumenical Temple
  6461 | Temple   | Became a worshipper of Gozag Ym Sagoz the Greedy
  6846 | D:4      | HP: 1/48 [killer bee (2)]
  6847 | D:4      | Succumbed to a killer bee's poison

Skill      XL: |  1  2  3  4  5  6 |
---------------+-------------------+-----
Charms         | 3 4 |  4.3
Maces & Flails | 3 4 |  4.0
Dodging        | 3 |  3.6
Translocations | 1 2 |  2.2
Fighting       | |  2.1
Spellcasting   | |  2.0

Action                   |  1- 3 |  4- 6 || total
-------------------------+-------+-------++-------
Melee: Mace              |   128 |    59 ||   187
       Tailslap          |    15 |    18 ||    33
       Flail             |       |   245 ||   245
Throw: Throwing net      |       |     1 ||     1
 Cast: Infusion          |     7 |    12 ||    19
       Shroud of Golubri |     3 |     9 ||    12
       Song of Slaying   |       |     1 ||     1
       Regeneration      |       |     2 ||     2
  Use: Scroll            |     2 |     5 ||     7
       Potion            |       |     2 ||     2
 Stab: Sleeping          |     1 |     6 ||     7
  Eat: Chunk             |     6 |     9 ||    15
       Meat ration       |       |     1 ||     1
Armor: Skin              |    57 |   114 ||   171
Dodge: Dodged            |   112 |   240 ||   352
